 Dungeon Crawl Stone Soup version 0.28-a0-612-gcfc00ec14d (webtiles) character file.

Game seed: 12368817770292186079

23 siradein the Insei (level 2, -1/21 HPs)
             Began as a Demonspawn Transmuter on Oct 5, 2021.
             Slain by an adder (3 damage)
             ... on level 2 of the Dungeon.
             The game lasted 00:03:26 (1466 turns).

siradein the Insei (Demonspawn Transmuter)          Turns: 1466, Time: 00:03:27

Health: -1/21      AC:  3    Str: 10    XL:     2   Next: 75%
Magic:  5/5        EV: 12    Int: 14    God:
Gold:   18         SH:  5    Dex: 13    Spells: 2/5 levels left

rFire   . . .      SeeInvis .     - Unarmed
rCold   . . .      Faith    .   (no shield)
rNeg    . . .      Spirit   .   a - +0 robe
rPois   .          Reflect  +   (no helmet)
rElec   .          Harm     .   (no cloak)
rCorr   .          Rampage  .   (no gloves)
Will    .....                   (no boots)
Stlth   +.........              b - amulet of reflection
HPRegen 0.07/turn               (no ring)
MPRegen 0.09/turn               (no ring)

@: lethally poisoned (-1 -> -2)
A: rugged brown scales 1
a: no special abilities


You were on level 2 of the Dungeon.
You visited 1 branch of the dungeon, and saw 2 of its levels.

You collected 18 gold pieces.

Inventory:

Armour
 a - a +0 robe (worn)
Jewellery
 b - an amulet of reflection (around neck)
Scrolls
 c - a scroll of enchant armour {unknown}
 e - a scroll of identify {unknown}
 f - a scroll of acquirement {unknown}
Potions
 d - a potion of heal wounds {unknown}
 g - a potion of curing {unknown}
 h - a potion of degeneration {unknown}
 i - a potion of resistance {unknown}


   Skills:
 + Level 1.4 Fighting
 + Level 2.1 Dodging
 + Level 2.9 Unarmed Combat
 + Level 2.2 Spellcasting
 + Level 2.1 Transmutations


You had 2 spell levels left.
You knew the following spells:

 Your Spells              Type           Power      Damage    Failure   Level
a - Beastly Appendage     Tmut           14%        N/A       10%         1
b - Wereblood             Tmut           7%         N/A       16%         2

Your spell library contained the following spells:

 Spells                   Type           Power      Damage    Failure   Level
 Spider Form              Tmut/Pois      2%         N/A       41%         3
 Ice Form                 Ice/Tmut       4%         N/A       83%         4


Dungeon Overview and Level Annotations

Branches:
Dungeon (2/15)

Altars:
Sif Muna


Innate Abilities, Weirdness & Mutations

You are partially covered in rugged brown scales. (AC +1, +3% HP)


Message History

You feel sick. The adder closely misses you. The ball python barely misses you.
The ball python grabs you. The ball python constricts you.
You hit the ball python. You headbutt the ball python.
The ball python is severely wounded.
You feel sick. You block the adder's attack.
You block the ball python's attack. The ball python constricts you.
The adder misses you.
You closely miss the ball python. Your kick misses the ball python.
The ball python is severely wounded.
You feel sick.
The ball python bites you but does no damage.
The ball python constricts you. You block the adder's attack.
You closely miss the ball python.
The ball python is severely wounded.
You feel sick.
You are no longer poisoned.
The ball python barely misses you. The ball python constricts you.
The adder bites you.
You are too injured to fight recklessly!
You are too injured to fight recklessly!
You are too injured to fight recklessly!
Unknown command.
You escape the ball python's grasp.
Your horns disappear.
Your talons disappear.
The adder bites you. The adder bites you.
* * * LOW HITPOINT WARNING * * *
You are poisoned.
The adder poisons you!
* * * LOW HITPOINT WARNING * * *
You feel sick.
You hit the adder.
The adder is severely wounded.
* * * LOW HITPOINT WARNING * * *
You feel sick. The adder misses you.
You barely miss the adder.
The adder is heavily wounded.
* * * LOW HITPOINT WARNING * * *
You feel sick. The adder bites you.
You die...

...#..
#.######.# ....#
#..<.....# ..#.#
#...######.#
#.#.#
#...........
#.#.#
#...#####.#<
#.#.#.#...#.#
####...#.......#
#......#######.#
#........SS@<#.#
#..._..#######.#
#..............#
#[.....#########
#.....## #######


You could see an adder and a ball python.

Vanquished Creatures
  An endoplasm (D:1)
  A giant cockroach (D:1)
  5 goblins (D:1)
  A hobgoblin (D:1)
  3 jackals (D:1)
  4 kobolds (D:1)
  A quokka (D:1)
  A frilled lizard (D:1)
  A rat (D:1)
18 creatures vanquished.

Notes
Turn   | Place    | Note
-------+----------+-------------------------------------------
     0 | D:1      | siradein the Demonspawn Transmuter began the quest for the
                  | Orb.
     0 | D:1      | Reached XP level 1. HP: 15/15 MP: 3/3
   416 | D:1      | Gained mutation: You are partially covered in rugged brown
                  | scales. (AC +1, +3% HP) [demonic ancestry]
   416 | D:1      | Reached XP level 2. HP: 15/21 MP: 3/5
  1426 | D:2      | Learned a level 2 spell: Wereblood
  1439 | D:2      | Found a shimmering blue altar of Sif Muna.
  1466 | D:2      | Slain by an adder

Illustrated notes

Levels and vault maps discovered:
D:1:      lightli_arrival_farm, layout_basic, chequers_serial_rivers_small_b
D:2:      layout_basic, basic_altar, hellmonk_ecumenical_altar_zigzags

Skill      XL: |  1  2 |
---------------+-------+-----
Dodging        | 2 |  2.1
Transmutations | 2 |  2.1
Fighting       | |  1.4
Unarmed Combat | |  2.9
Spellcasting   | |  2.2

Action                   || total
-------------------------++-------
Melee: Unarmed           ||    85
       Kick              ||     9
       Punch             ||     1
       Headbutt          ||     4
 Cast: Beastly Appendage ||    16
 Stab: Sleeping          ||     1
Armor: Robe              ||    19
Dodge: Dodged            ||    38
Block: Other             ||    17

Table legend: (Time is in decaauts)
 A = Elapsed time spent in this place.
 B = Non-inter-level travel time spent in this place.
 C = Inter-level travel time spent in this place.
 D = Time resting spent in this place.
 E = Time spent auto-exploring this place.
 F = Levels seen in this place.
 G = Mean time per level.
                   A        B        C        D        E       F      G
               +--------+--------+--------+--------+--------+-----+--------+
         Total |   1485 |   1442 |     43 |     11 |   1228 |   2 |  742.5 |
       Dungeon |   1485 |   1442 |     43 |     11 |   1228 |   2 |  742.5 |
               +--------+--------+--------+--------+--------+-----+--------+

Top non-repeatable levels by time:
     D:1: 1441 daAuts
     D:2: 43 daAuts
